Map: Emerald City CE

Players

Blood

  • Race: Zerg Zerg
  • Spawn Location: 5:00

Vanwoodsen

  • Race: Zerg Zerg
  • Spawn Location: 5:00

Nyck - Winner!

  • Race: Terran Terran
  • Spawn Location: 11:00

Ekelpack - Winner!

  • Race: Zerg Zerg
  • Spawn Location: 11:00

VOD

Have the link to the VOD?

Description

Time

  • Played on: Sept. 11, 2024, 3:24 p.m.
  • Length: 10:20
Show
View Real Time Build Order
Export as new Build Order

Blood Zerg 

Build Orders: Hatch First 

Get SALT Encoding   

  12  0:00  Drone  
  13  0:12  Overlord  
  13  0:17  Drone  
  14  0:31  Drone x2  
  14  0:35  Drone  
  17  0:46  Drone  
  18  0:58  Hatchery  
  18  1:00  Drone  
  18  1:06  Drone  
  19  1:20  Spawning Pool, Extractor  
  17  1:26  Drone  
  17  1:27  Extractor  
  17  1:48  Drone  
  17  1:49  Drone  
  19  1:55  Overlord  
  19  2:08  Metabolic Boost  
  19  2:09  Queen  
  19  2:10  Queen  
  23  2:16  Zergling x2  
  23  2:20  Zergling x2  
  25  2:24  Zergling x2  
  26  2:35  Baneling Nest  
  25  2:57  Zergling x2  
  25  2:58  Zergling x10  
  31  3:07  Lair  
  31  3:21  Baneling x2  
  31  3:22  Baneling x4  
  31  3:23  Drone x2  
  33  3:34  Drone  
  33  3:35  Drone x2  
  36  3:43  Overlord  
  36  3:57  Overlord  
  36  4:18  Hatchery  
  35  4:25  Drone x3  
  35  4:26  Drone x3  
  41  4:34  Centrifugal Hooks  
  41  4:40  Pneumatized Carapace  
  41  4:45  Drone x2  
  43  4:53  Evolution Chamber  
  43  4:56  Evolution Chamber  
  41  5:01  Spore Crawler  
  40  5:25  Spire  
  39  5:33  Spore Crawler  
  39  5:34  Spore Crawler  
  37  5:37  Spore Crawler x3  
  37  5:39  Spore Crawler  
  37  5:40  Spore Crawler  
  32  5:43  Overlord  
  23  6:39  Mutalisk x5  
  25  6:41  Spore Crawler  
  32  6:48  Drone x7  
  39  6:58  Mutalisk  
  41  7:20  Mutalisk  
  43  7:30  Extractor  
  43  7:33  Extractor  
  43  7:36  Zerg Flyer Armor Level 1  
  41  7:45  Drone x9  
  41  7:48  Overlord  
  47  8:07  Mutalisk  
  49  8:29  Mutalisk  
  49  8:31  Overlord x2  
  51  8:50  Mutalisk x4  
  51  8:55  Overlord  
  59  8:58  Mutalisk  
  51  9:32  Mutalisk x3  
Show
View Real Time Build Order
Export as new Build Order

Vanwoodsen Zerg 

Build Orders: Hatch First 

Get SALT Encoding   

  12  0:00  Drone  
  13  0:08  Drone  
  14  0:22  Drone, Extractor x2  
  14  0:23  Drone  
  14  0:28  Overlord  
  16  0:54  Hatchery  
  16  0:55  Drone  
  16  1:03  Drone x2  
  18  1:08  Extractor  
  17  1:21  Spawning Pool  
  16  1:33  Drone x3  
  19  1:46  Overlord  
  19  2:08  Queen x2  
  19  2:11  Metabolic Boost  
  19  2:13  Zergling x2  
  24  2:19  Drone  
  24  2:20  Drone  
  26  2:23  Drone  
  26  2:27  Drone  
  28  2:31  Zergling x2  
  28  2:34  Zergling x2  
  30  2:41  Zergling x2  
  31  2:57  Spine Crawler  
  30  3:01  Drone x4  
  30  3:02  Drone  
  35  3:05  Extractor  
  35  3:10  Overlord  
  34  3:16  Drone x2  
  36  3:28  Drone  
  37  3:34  Drone  
  37  3:36  Roach Warren, Zergling x2  
  37  3:37  Zergling x8  
  42  3:43  Overlord, Extractor  
  41  3:51  Zergling x2  
  41  3:54  Lair  
  42  3:55  Pneumatized Carapace  
  42  4:02  Drone  
  43  4:03  Drone  
  43  4:06  Drone  
  45  4:19  Roach x3  
  45  4:22  Overlord  
  51  4:27  Overlord  
  51  4:37  Drone, Evolution Chamber  
  51  4:38  Drone  
  52  4:39  Evolution Chamber  
  52  4:40  Overlord  
  51  4:54  Roach x3  
  57  5:01  Overlord  
  57  5:05  Zerg Missile Weapons Level 1  
  57  5:10  Zerg Ground Armor Level 1  
  57  5:14  Glial Reconstitution  
  57  5:19  Overlord  
  57  5:24  Extractor  
  56  5:30  Spore Crawler  
  56  5:33  Spore Crawler  
  56  5:35  Spore Crawler  
  53  5:40  Spore Crawler  
  52  6:06  Drone  
  52  6:08  Hydralisk Den  
  42  6:37  Hydralisk x6  
  42  6:38  Hydralisk x2  
  58  6:41  Grooved Spines  
  58  6:51  Overseer  
  58  7:01  Drone x2  
  60  7:25  Overlord  
  60  7:26  Overlord x4  
  60  7:31  Muscular Augments  
  60  7:53  Hatchery  
  59  8:12  Hydralisk x5  
  69  8:31  Hydralisk x2  
  69  8:32  Hydralisk  
  75  8:43  Spore Crawler  
  75  8:47  Drone x2  
  75  8:48  Drone  
  77  8:51  Drone  
  77  8:55  Drone  
Show
View Real Time Build Order
Export as new Build Order

Nyck Terran - Winner!

Build Orders:  

Get SALT Encoding   

  12  0:00  SCV  
  13  0:12  SCV  
  14  0:17  Supply Depot  
  14  0:24  SCV  
  15  0:40  Barracks  
  15  0:41  SCV  
  16  0:46  Refinery  
  16  0:58  Barracks  
  16  1:01  SCV  
  17  1:13  SCV  
  18  1:27  Orbital Command  
  18  1:35  Reaper  
  18  1:38  Refinery  
  19  1:51  Barracks Tech Lab  
  19  2:01  SCV  
  19  2:07  Barracks Reactor  
  20  2:12  Marine  
  21  2:16  SCV  
  21  2:21  Combat Shield  
  22  2:27  Command Center  
  22  2:34  SCV  
  23  2:42  Supply Depot  
  23  3:03  Marine  
  23  3:15  SCV  
  24  3:21  Marine x2  
  26  3:27  SCV  
  27  3:39  SCV, Marine  
  29  3:42  Factory  
  29  3:48  Marine x2  
  30  3:50  Stimpack  
  31  4:01  Engineering Bay  
  31  4:06  Engineering Bay  
  31  4:07  SCV  
  32  4:10  Orbital Command  
  32  4:15  Marine x2  
  34  4:20  SCV  
  34  4:21  Marine  
  36  4:28  Engineering Bay  
  36  4:29  Armory  
  36  4:30  Terran Infantry Weapons Level 1  
  36  4:32  SCV  
  36  4:33  Marine  
  36  4:36  Terran Infantry Armor Level 1  
  38  4:45  SCV  
  39  4:46  SCV  
  39  4:47  Refinery  
  39  4:50  Marine  
  39  4:52  Refinery  
  41  4:57  SCV  
  41  4:58  SCV  
  43  5:03  Supply Depot  
  43  5:06  Marine  
  43  5:07  Marine  
  44  5:09  SCV  
  44  5:12  Factory Reactor  
  46  5:24  SCV x2  
  46  5:26  Supply Depot  
  48  5:29  Marine  
  48  5:30  Marine x2  
  51  5:35  Barracks  
  51  5:36  SCV x2  
  53  5:48  SCV x2, Marine  
  53  5:49  Supply Depot, Marine  
  56  6:00  SCV, Bunker  
  56  6:01  SCV  
  58  6:06  Marine  
  58  6:07  Marine  
  60  6:13  SCV x2  
  62  6:27  Bunker  
  62  6:28  SCV x2  
  62  6:32  Marine x3, Command Center  
  65  6:33  Marine  
  65  6:36  Concussive Shells  
  65  6:38  Terran Infantry Weapons Level 2  
  68  6:44  Terran Infantry Armor Level 2  
  68  6:46  SCV  
  69  6:53  Barracks Reactor  
  69  7:03  SCV  
  69  7:04  SCV  
  69  7:05  Starport  
  71  7:12  Marine x2  
  71  7:13  Marine  
  74  7:35  Marine x3  
  74  7:36  Marine  
  78  7:43  Marauder  
  80  7:49  Barracks  
  80  8:01  Marine  
  80  8:02  Marine x3  
  80  8:03  Command Center  
  80  8:04  Marauder  
  86  8:06  SCV x2  
  88  8:18  SCV  
  88  8:19  SCV, Marine x2  
  91  8:20  Marine  
  91  8:23  Planetary Fortress, Refinery  
  93  8:30  SCV  
  93  8:31  SCV  
  95  8:39  Medivac x2  
  99  8:45  Barracks  
  99  8:47  Barracks Reactor  
  99  8:50  SCV x2  
  101  8:59  Refinery  
  101  9:15  SCV x2  
  101  9:16  Orbital Command  
  103  9:27  SCV x3  
  103  9:30  Command Center  
  106  9:39  SCV x3  
  106  9:45  SCV  
  110  9:46  Marine x6  
  110  9:48  Barracks Reactor  
Show
View Real Time Build Order
Export as new Build Order

Ekelpack Zerg - Winner!

Build Orders: Hatch First 

Get SALT Encoding   

  12  0:00  Drone  
  13  0:12  Overlord  
  13  0:18  Drone  
  14  0:31  Drone  
  15  0:48  Hatchery  
  14  0:52  Drone  
  15  1:05  Spawning Pool  
  15  1:09  Drone  
  15  1:14  Extractor  
  15  1:15  Drone  
  15  1:20  Drone  
  15  1:24  Drone  
  17  1:31  Drone  
  18  1:42  Drone  
  19  1:52  Drone  
  19  1:53  Queen  
  22  2:02  Drone  
  22  2:04  Drone  
  24  2:09  Queen  
  26  2:17  Overlord  
  26  2:19  Drone  
  27  2:31  Lair  
  27  2:32  Drone  
  27  2:36  Extractor  
  27  2:37  Drone x2  
  27  2:40  Drone  
  30  2:53  Drone  
  31  3:01  Drone x4  
  31  3:03  Drone  
  31  3:04  Extractor  
  35  3:09  Drone  
  36  3:21  Overlord x2  
  36  3:27  Extractor  
  36  3:30  Drone  
  36  3:37  Spire  
  36  3:38  Drone  
  36  3:39  Drone x2  
  38  3:45  Drone  
  39  3:55  Drone x3  
  42  3:59  Drone  
  43  4:03  Metabolic Boost  
  43  4:05  Overlord  
  43  4:06  Overlord  
  43  4:10  Drone  
  44  4:21  Overlord  
  44  4:48  Mutalisk x4  
  44  4:49  Mutalisk x6  
  64  4:53  Zerg Flyer Weapons Level 1  
  64  4:55  Overlord  
  64  5:12  Hatchery  
  63  5:25  Drone, Mutalisk  
  63  5:26  Mutalisk x2  
  70  5:38  Queen  
  72  5:44  Mutalisk x2  
  76  5:54  Zergling x2  
  76  5:55  Zergling x12  
  76  5:56  Zergling x2  
  84  6:16  Queen  
  81  6:31  Mutalisk x4  
  81  6:32  Overlord x4  
  89  6:48  Zerg Flyer Weapons Level 2  
  89  6:51  Mutalisk x2, Extractor  
  89  6:54  Extractor  
  91  7:06  Mutalisk  
  93  7:14  Mutalisk  
  93  7:25  Drone x2  
  93  7:28  Drone x2  
  93  7:29  Drone x2, Overlord x3  
  100  7:30  Drone x3, Mutalisk x2  
  104  8:04  Mutalisk x7  
  118  8:20  Mutalisk x4  
  118  8:21  Mutalisk  
  128  8:52  Mutalisk x2  
  128  8:53  Overlord, Mutalisk x3  
  128  8:54  Overlord x2  
  138  9:04  Infestation Pit  
  138  9:06  Evolution Chamber  
  138  9:09  Evolution Chamber  
  135  9:22  Mutalisk x4  
  143  9:24  Overlord x3  
  119  9:50  Mutalisk x6  
  119  9:51  Mutalisk x6  
Tags
 
Add a new tag
Caveats
  • Supply blocks, unpowered buildings, or Contaminate may cause inaccurate times.
  • Supply counts are checked every 10 seconds.